 Dungeon Sprint DCSS version 0.22-a0-265-g0d8bc90 (webtiles) character file.

626 Ghella the Unseen (level 7, 0/33 HPs)
             Began as a Spriggan Enchanter on Mar 7, 2018.
             Succumbed to Sonja's curare-tipped needle
             ... in the Dungeon (Sprint I: "Red Sonja").
             The game lasted 00:02:15 (467 turns).

Ghella the Unseen (Spriggan Enchanter)               Turns: 467, Time: 00:02:15

Health: 0/33       AC:  2    Str:  4    XL:     7   Next: 23%
Magic:  5/12       EV: 15    Int: 19    God:
Gold:   405        SH:  0    Dex: 16    Spells: 8/11 levels left

rFire    . . .     SeeInvis +   a - +1 dagger
rCold    . . .     Gourm    .   (shield restricted)
rNeg     . . .     Faith    .   b - +0 robe
rPois    .         Spirit   .   (helmet restricted)
rElec    .         Reflect  .   (no cloak)
rCorr    .         Harm     .   (gloves unavailable)
MR       +....     NoTele   +   (boots unavailable)
Stlth    +++++++...             (no amulet)
HPRegen  0.11/turn              (no ring)
MPRegen  0.13/turn              (no ring)

@: lethally poisoned (0 -> -13), hasted and slowed, heavily drained, very quick
A: very small, unfitting armour, see invisible, herbivore, speed 3, slow
metabolism 2
a: no special abilities


You were in the Dungeon.
You were not hungry.

You visited 1 branch You collected 405 gold pieces.

Inventory:

Hand Weapons
 a - a +1 dagger (weapon)
Armour
 b - a +0 robe (worn)
Wands
 c - a wand of flame (16)
Scrolls
 j - a scroll of blinking
Potions
 h - 2 potions of magic
 i - a potion of might {unknown}
Comestibles
 d - a ration


   Skills:
 + Level 1.5(0.0) Fighting
 - Level 1.1(0.0) Short Blades
 - Level 3.0(0.5) Dodging
 * Level 20.9(17.1) Stealth
 - Level 2.6(0.2) Spellcasting
 - Level 3.6(1.1) Hexes
 + Level 5.1(2.4) Evocations


You had 8 spell levels left.
You knew the following spells:

 Your Spells              Type           Power        Failure   Level  Hunger
a - Corona                Hex            #......      13%         1    ##.....
b - Ensorcelled Hibernat  Hex/Ice        #.....       24%         2    ###....


Dungeon Overview and Level Annotations

Branches:
Dungeon (1/1)

Altars:
Cheibriados
Dithmenos
Elyvilon
Fedhas
Gozag
Hepliaklqana
Kikubaaqudgha
Makhleb
Nemelex Xobeh
Okawaru
Qazlal
Ru
Sif Muna
Trog
Uskayaw
Vehumet
Wu Jian
Xom
Yredelemnul
Zin
The Shining One
Jiyva
Lugonu

Shops:
D }

Annotations:
D Sonja


Innate Abilities, Weirdness & Mutations

You are very small and have problems with some larger weapons.
You are too small for most types of armour.
You have supernaturally acute eyesight. (SInv)
You are a herbivore.
You cover ground extremely quickly.
You need to consume almost no food.


Message History

* * * LOW HITPOINT WARNING * * *
Sonja closely misses you. Sonja barely misses you. Sonja misses you.
Sonja hits you with an uncursed short sword of draining.
* * * LOW HITPOINT WARNING * * *
You feel drained.
Sonja hits you with an uncursed short sword of draining.
* * * LOW HITPOINT WARNING * * *
You feel drained.
You feel yourself speed up.
* * * LOW HITPOINT WARNING * * *
You feel sick.
Sonja mumbles some strange words.
Sonja blinks!
Casting: Ensorcelled Hibernation (safe; 24% risk of failure)
Confirm with . or Enter, or press ? or * to list all spells.
Aiming: Ensorcelled Hibernation (safe; 24% risk of failure)
Press: ? - help, Shift-Dir - straight line, f/p - Sonja
Aim: Sonja, wielding a short sword of draining (chance to defeat MR: 43%) Sonja looks drowsy...
You die...

######################
#<.#.)'..#.)'..#__#..+
#..'..#.)'..#..'..'..#
#..#####'#####'#__####
#..####..#...#[####
#..#__####..##.#
#..#_____##'#_.+
#⌠⌠#_.∩...'..._#
####_..__##_@#'#
#_____###K#)# #######
#.### $.$ $.$ ##.##
#+#


You could see Sonja (sleeping).

Vanquished Creatures
  A slime creature (D)
  Sigmund (D)
  A yak (D)
  An ogre (D)
  A jelly (D)
  Ijyb (D)
6 creatures vanquished.

Vanquished Creatures (others)
  A gargoyle (D)
1 creature vanquished.

Grand Total: 7 creatures vanquished

Notes
Turn   | Place    | Note
-------+----------+-------------------------------------------
     0 | D        | Ghella the Spriggan Enchanter began the quest for the Orb.
     0 | D        | Reached XP level 1. HP: 9/9 MP: 5/5
     2 | D        | Noticed Ijyb
    10 | D        | Killed Ijyb
    10 | D        | Reached skill level 9 in Stealth
    10 | D        | Reached XP level 2. HP: 12/13 MP: 6/6
   124 | D        | Learned a level 2 spell: Ensorcelled Hibernation
   124 | D        | Noticed an ogre
   127 | D        | Killed an ogre
   127 | D        | Reached skill level 14 in Stealth
   127 | D        | Reached XP level 3. HP: 17/17 MP: 8/8
   127 | D        | Reached XP level 4. HP: 21/21 MP: 9/9
   137 | D        | Noticed Sigmund
   140 | D        | Killed Sigmund
   140 | D        | Reached skill level 1 in Fighting
   140 | D        | Reached skill level 17 in Stealth
   140 | D        | Reached XP level 5. HP: 25/25 MP: 10/10
   140 | D        | Reached XP level 6. HP: 30/30 MP: 11/11
   153 | D        | Found a burning altar of Makhleb.
   153 | D        | Found a viscous altar of Jiyva.
   153 | D        | Found a shimmering altar of Xom.
   153 | D        | Found a corrupted altar of Lugonu.
   153 | D        | Noticed a slime creature
   203 | D        | Killed a slime creature
   203 | D        | Reached skill level 19 in Stealth
   261 | D        | Killed a gargoyle
   407 | D        | Found an ornate altar of the Wu Jian Council.
   407 | D        | Found a deep blue altar of Sif Muna.
   409 | D        | Found a radiant altar of Vehumet.
   413 | D        | Reached skill level 20 in Stealth
   439 | D        | Found Joum Zau's Gadget Emporium.
   439 | D        | Found an ancient bone altar of Kikubaaqudgha.
   439 | D        | Found a hazy altar of Hepliaklqana.
   439 | D        | Found a stormy altar of Qazlal.
   439 | D        | Found a hide-covered altar of Uskayaw.
   439 | D        | Found a blossoming altar of Fedhas.
   439 | D        | Found a bloodstained altar of Trog.
   439 | D        | Found an iron altar of Okawaru.
   439 | D        | Found a basalt altar of Yredelemnul.
   439 | D        | Found a glowing golden altar of the Shining One.
   439 | D        | Found a snail-covered altar of Cheibriados.
   439 | D        | Found a sacrificial altar of Ru.
   439 | D        | Found a glowing silver altar of Zin.
   439 | D        | Found a shadowy altar of Dithmenos.
   439 | D        | Found a white marble altar of Elyvilon.
   439 | D        | Noticed a yak
   440 | D        | Found an opulent altar of Gozag.
   441 | D        | Killed a yak
   441 | D        | Reached skill level 5 in Evocations
   441 | D        | Reached XP level 7. HP: 33/33 MP: 12/12
   442 | D        | Found a sparkling altar of Nemelex Xobeh.
   460 | D        | Noticed Sonja
   466 | D        | HP: 1/33 [poisoned by Sonja (curare-tipped needle)]
   467 | D        | Succumbed to Sonja's curare-tipped needle

Vault maps used:
D:        dungeon_sprint_1

Skill      XL: |  1  2  3  4  5  6 |
---------------+-------------------+-----
Stealth        | 9 14 17 20 | 20.9
Fighting       | 1 |  1.5
Evocations     | 5 |  5.1
Short Blades   | |  1.1
Dodging        | |  3.0
Spellcasting   | |  2.6
Hexes          | |  3.6

Action                   |  1- 3 |  4- 6 |  7- 9 || total
-------------------------+-------+-------+-------++-------
Melee: Dagger            |     7 |     3 |       ||    10
 Cast: Ensorcelled Hiber |       |       |     4 ||     4
Evoke: Wand              |       |    16 |       ||    16
  Use: Potion            |     1 |       |     3 ||     4
 Stab: Sleeping          |     2 |     3 |       ||     5
Armor: Robe              |       |       |     1 ||     1
Dodge: Dodged            |     3 |     4 |    14 ||    21

Table legend:
 A = Spawn XP
 B = Non-spawn XP
 C = Spawn XP percentage of total XP
 D = Spawn monster count
 E = Non-spawn monster count
 F = Spawn count percentage of total count
 G = Total turns spent on level
                    A         B        C        D         E        F      G
               +---------+---------+-------+---------+---------+-------+---------
         Total |       0 |     895 |   0.0 |       0 |       6 |   0.0 |   467
               +---------+---------+-------+---------+---------+-------+---------
             D |       0 |     895 |   0.0 |       0 |       6 |   0.0 |   467
               +---------+---------+-------+---------+---------+-------+---------
